AoeStats
← Kez

Nomad

509662329Analyzed
3v3 RM · 4d ago on Sep 27, 2026· 48m 48s· 6 players
Game mode
Random Map
Map size
210×210
Population
200
Speed
Normal
Resources
Standard
Victory
Conquest
Starting age
Dark Age
Ending age
Imperial Age
RankedLock teamsTeams togetherTeam positionsShared explorationLock speedFull tech treeHidden civsTurbo modeCheats
Victory
Defeat
🇺🇸 Malay · United States
1276
+15
🇳🇱 Inca · Netherlands
1222
+17
🇨🇳 Dravidians · China
1213
+18
1373
-21
🇵🇪 Franks · Peru
1230
-16
🇵🇪 Burgundians · Peru
1159
-13
ubertorresr
6:43 Loom
14:20 Feudal Age
16:54 Gold Mining
16:52 Double-Bit Axe
19:10 Fishing Lines
22:16 Castle Age
23:14 Forging
23:10 Scale Barding Armor
23:48 Bow Saw
24:34 Iron Casting
24:34 Gillnets
31:00 Chain Barding Armor
31:59 Husbandry
32:01 Stone Mining
34:54 Wheelbarrow
36:43 Hand Cart
40:20 Imperial Age
38:37 Town Watch
42:16 Blast Furnace
40:38 Cavalier
41:28 Town Patrol
41:52 Conscription
42:59 Paladin
44:23 Plate Barding Armor
47:11 Pikeman
47:51 Squires
El gato feroz
4:10 Loom
14:52 Feudal Age
29:01 Castle Age
29:52 Scale Barding Armor
30:55 Forging
31:40 Fletching
41:25 Double-Bit Axe
45:20 Bow Saw
༄CLR』Iulo Ascanio2210
7:12 Loom
15:23 Feudal Age
19:49 Castle Age
18:46 Double-Bit Axe
20:38 Forging
20:55 Bow Saw
22:31 Scale Mail Armor
25:09 Fishing Lines
29:42 Squires
29:28 Arson
31:12 Fletching
32:36 Horse Collar
35:56 Wheelbarrow
36:50 Iron Casting
36:17 Heavy Plow
39:45 Gold Mining
42:43 Imperial Age
41:15 Chain Mail Armor
41:44 Hand Cart
45:01 Plate Mail Armor
45:31 Blast Furnace
44:24 Elite Varangian Guard
ׅ
3:33 Loom
16:03 Feudal Age
15:41 Double-Bit Axe
15:45 Fishing Lines
18:38 Forging
20:06 Wheelbarrow
24:27 Castle Age
23:35 Scale Barding Armor
23:57 Fletching
24:16 Husbandry
24:17 Gillnets
25:30 Iron Casting
26:08 Thalassocracy
26:16 Bodkin Arrow
34:42 Imperial Age
33:47 Hand Cart
33:58 Bow Saw
33:52 Elite Battle Elephant
35:55 Bow Saw
36:48 Blast Furnace
41:13 Gold Mining
41:29 Murder Holes
41:37 Town Watch
42:46 Bracer
43:08 Conscription
44:12 Ballistics
44:33 Capped Ram
46:39 Forced Levy
47:47 Town Patrol
Kez
5:31 Loom
13:46 Feudal Age
17:41 Castle Age
18:57 Medium Warships
19:13 Double-Bit Axe
23:41 Fletching
23:56 Fishing Lines
32:18 Imperial Age
30:36 Champi Runner
31:40 Champi Warrior
32:45 Scale Mail Armor
35:10 Bow Saw
35:58 Forging
36:45 Gillnets
38:04 Wheelbarrow
37:15 Town Watch
37:51 Conscription
38:11 Squires
38:08 Horse Collar
39:16 Chain Mail Armor
40:58 Elite Champi Warrior
42:14 Arson
42:37 Gold Mining
42:39 Stone Mining
42:50 Heavy Plow
42:34 Pikeman
46:10 Hand Cart
48:26 Plate Mail Armor
48:32 Iron Casting
48:38 Gold Shaft Mining
HungrySimba
9:51 Loom
12:02 Feudal Age
14:40 Town Watch
18:52 Fletching
18:50 Horse Collar
21:24 Double-Bit Axe
27:39 Castle Age
27:55 Scale Mail Armor
27:21 Man-at-Arms
27:45 Pikeman
28:27 Long Swordsman
30:17 Gold Mining
33:22 Stone Mining
36:01 Bow Saw
38:42 Bodkin Arrow
41:26 Masonry
41:32 Masonry
43:11 Squires
44:25 Chain Mail Armor
44:21 Forging
44:33 Forging
49:59 Imperial Age
49:12 Wheelbarrow
Connection lost

Rejoining the realm…

Still unreachable

The connection could not be restored.

Session expired

The server has moved on; the page needs a fresh start.